 Dungeon Crawl Stone Soup version 0.26.0-15-gc6cd9f7 (webtiles) character file.

Game seed: 15742710830639408853

17569 foolusion the Fighter (level 12, -15/113 HPs)
             Began as a Minotaur Berserker on Jan 18, 2021.
             Was a High Priest of Trog.
             Killed from afar by a deep elf mage (27 damage)
             ... with a bolt of fire
             ... on level 12 of the Dungeon on Jan 19, 2021.
             The game lasted 00:48:42 (13809 turns).

foolusion the Fighter (Minotaur Berserker)         Turns: 13809, Time: 00:48:43

Health: -15/113    AC: 24    Str: 22    XL:     12   Next: 20%
Magic:  11/11      EV:  6    Int:  4    God:    Trog [*****.]
Gold:   141        SH: 24    Dex: 15    Spells: 11/11 levels left

rFire    . . .     SeeInvis .   a - +4 broad axe (vorpal)
rCold    . . .     Faith    .   o - +1 tower shield
rNeg     + . .     Spirit   .   s - +7 plate armour {ponderous}
rPois    .         Reflect  +   (helmet restricted)
rElec    .         Harm     .   (no cloak)
rCorr    .         Rampage  .   (no gloves)
Will     ++...                  K - +0 pair of boots
Stlth    ..........             j - amulet of reflection
HPRegen  1.28/turn              l - ring of positive energy
MPRegen  0.12/turn              (no ring)

@: berserk cooldown, regenerating, slowed, very slow
A: retaliatory headbutt, horns 2
a: Renounce Religion, Berserk, Trog's Hand, Brothers in Arms


You were on level 12 of the Dungeon.
You worshipped Trog.
Trog was extremely pleased with you.
You visited 2 branches of the dungeon, and saw 13 of its levels.
You visited 1 bazaar.
You also visited: Sewer.

You collected 789 gold pieces.
You spent 648 gold pieces at shops.

Inventory:

Hand Weapons
 a - a +4 vorpal broad axe (weapon)
 b - a +5 flail of holy wrath
 F - the +8 battleaxe "Murmur" {flame, rElec rF+ Dex+2 SInv}
   (You bought it in a shop in a bazaar)

   It has been specially enchanted to burn those struck by it, causing extra
   injury to most foes and up to half again as much damage against particularly
   susceptible opponents.
   Big, fiery blades are also staple armaments of hydra-hunters.
   It affects your dexterity (+2).
   It protects you from fire.
   It insulates you from electricity.
   It lets you see invisible.
Missiles
 c - 420 stones (quivered)
Armour
 o - a +1 tower shield (worn)
 s - a +7 plate armour of ponderousness (worn)
 K - a +0 pair of boots (worn)
Jewellery
 j - an amulet of reflection (around neck)
 l - a ring of positive energy (left hand)
 r - a +4 ring of evasion {unknown}
Wands
 n - a wand of acid (8)
 q - a wand of digging (4)
 u - a wand of iceblast (15)
 w - a wand of random effects (57)
 A - a wand of paralysis (11)
 I - a wand of enslavement (8)
 J - a wand of flame (10)
Scrolls
 d - a scroll of enchant armour
 e - a scroll of fear
 f - 9 scrolls of remove curse
 g - a scroll of fog
 i - 10 scrolls of teleportation
 t - 3 scrolls of enchant weapon
 y - 2 scrolls of random uselessness {unknown}
 B - 2 scrolls of torment {unknown}
 C - 5 scrolls of blinking {unknown}
 D - a scroll of magic mapping
 G - a scroll of identify {@r1}
Potions
 h - 9 potions of curing
 k - a potion of resistance
 m - 3 potions of mutation
 p - 2 potions of attraction
 v - 4 potions of flight
 x - a potion of ambrosia
 z - 2 potions of might
 E - a potion of invisibility
 H - a potion of cancellation {unknown}


   Skills:
 + Level 12.3 Fighting
 + Level 12.3 Axes
 + Level 12.1 Armour
 - Level 2.6 Dodging
 + Level 11.7 Shields


You had 11 spell levels left.
You didn't know any spells.
Your spell library was empty.

Dungeon Overview and Level Annotations

Branches:
Dungeon (12/15)            Temple (1/1) D:4            Lair (0/6) D:9
    Orc (0/2) D:10          Sewer (visited)

Altars:
Ashenzari
Cheibriados
Dithmenos
Elyvilon
Fedhas
Gozag
Hepliaklqana
Kikubaaqudgha
Makhleb
Nemelex Xobeh
Okawaru
Qazlal
Ru
Sif Muna
Trog
Uskayaw
Vehumet
Wu Jian
Xom
Yredelemnul
Zin
The Shining One
Beogh

Portals:
Trove: D:10 (give 18 potions of curing)

Annotations:
D:7 2 transporters, cpf86's ghost, novice VSIE


Innate Abilities, Weirdness & Mutations

You reflexively headbutt those who attack you in melee.
You have a pair of horns on your head.


Message History

Okay, then.
Press: ? - help, v - describe, . - travel, g - get item
Here: a deep elf mage, wielding a +0 dagger (purple smoke, almost dead)
Items here: a cursed -1 dagger; an elf corpse.
A large open door, spattered with blood.
Unknown command.
Evoke which item? (* to show all) (? for menu, Esc to quit)
Aiming: Corrosive Bolt
Press: ? - help, Shift-Dir - straight line The bolt of acid misses the deep elf mage.
The bolt of acid hits the deep elf mage!
The deep elf mage is splashed with acid.
The acid corrodes the deep elf mage!
The deep elf mage is moderately wounded.
The fire elemental hits you. The fire elemental burns you!
* * * LOW HITPOINT WARNING * * *
The deep elf mage mumbles some strange words.
The deep elf mage gestures at you while chanting.
The bolt of fire hits you!!
You die...

#§.######. #........#
.e.4.... #........# e.....
#..#.....# #e...# #........#
#.e..# #.....)..# #°○))#
#..#.†)..#
##########Ee########....)...#
#..........E............##...
...........@...........##...
#..#..#..#..#..#..#.....##..#
#.......................##..#
########..#...######(.####..#
##....#######(.# #..#
#####..#........####..#
........................
..........._............
#####.............####..


You could see an ice devil (summoned), 5 deep elf magi and 2 fire elementals.

Vanquished Creatures
  A vault guard (D:10)
  A hydra (D:12)
  A two-headed ogre (D:8)
  2 unseen horrors
  2 deep elf magi (D:12)
  An ugly thing (D:12)
  2 cyclopes
  A manticore (D:11)
  2 komodo dragons
  3 trolls
  Grinder (D:3)
  A vampire (D:12)
  Sigmund (D:3)
  A wyvern (D:12)
  A water elemental (D:11)
  6 yaks (D:11)
  Edmund (D:6)
  A soldier ant (D:10)
  2 water moccasins
  Duvessa (D:4)
  3 sky beasts
  2 black bears
  8 orc warriors
  An eye of draining (D:12)
  5 ice beasts
  9 ogres
  A necrophage (D:9)
  2 phantoms
  4 centaurs
  A big kobold (Sewer)
  8 bullfrogs
  A gnoll sergeant (D:9)
  Dowan (D:4)
  6 scorpions
  2 water moccasin skeletons
  11 killer bees
  4 electric eels (D:11)
  3 centaur zombies
  A bullfrog zombie (D:11)
  9 orc priests
  6 bullfrog skeletons
  A centaur skeleton (D:10)
  7 hounds
  2 jellies
  Ijyb (D:4)
  Terence (D:3)
  5 iguanas
  19 orc wizards
  8 worker ants
  The ghost of Hyacinth the Poker, a weakling GrGl (D:4)
  A hound skeleton (D:7)
  A worker ant zombie (D:8)
  Robin (D:4)
  A howler monkey skeleton (D:4)
  14 adders
  19 gnolls
  3 river rats
  2 shadow imps
  6 white imps
  An ufetubus (D:8)
  3 oozes
  An adder zombie (D:6)
  3 adder skeletons
  7 worms
  2 dart slugs
  2 leopard geckos
  48 orcs
  6 ball pythons
  3 giant cockroaches
  12 goblins
  13 hobgoblins
  21 jackals
  12 kobolds
  9 bats
  7 frilled lizards
  A jackal zombie (D:8)
  2 leopard gecko skeletons
  18 rats
384 creatures vanquished.

Vanquished Creatures (collateral kills)
  A deep elf knight (D:12)
  3 deep elf magi (D:12)
  An orc warrior (D:9)
5 creatures vanquished.

Vanquished Creatures (others)
  40 plants
40 creatures vanquished.

Grand Total: 429 creatures vanquished

Notes
Turn   | Place    | Note
-------+----------+-------------------------------------------
     0 | D:1      | foolusion the Minotaur Berserker began the quest for the
                  | Orb.
     0 | D:1      | Reached XP level 1. HP: 19/19 MP: 0/0
    71 | D:1      | Found a broken altar of Ashenzari.
   267 | D:1      | Reached XP level 2. HP: 25/27 MP: 1/1
   751 | D:1      | Reached XP level 3. HP: 33/33 MP: 2/2
  1161 | D:2      | Found a faded altar of an unknown god.
  1169 | D:2      | Reached ** piety under Trog
  1381 | D:2      | Found a shadowy altar of Dithmenos.
  1464 | D:2      | Found a radiant altar of Vehumet.
  1786 | D:2      | Reached XP level 4. HP: 41/41 MP: 3/3
  2077 | D:3      | Found a glowing drain.
  2090 | D:3      | Reached skill level 1 in Shields
  2126 | D:3      | Reached XP level 5. HP: 27/47 MP: 4/4
  2130 | Sewer    | Entered a sewer
  2602 | Sewer    | Reached skill level 5 in Fighting
  2602 | Sewer    | Reached skill level 5 in Axes
  2603 | Sewer    | Reached *** piety under Trog
  2678 | Sewer    | Reached XP level 6. HP: 53/56 MP: 5/5
  2799 | D:3      | Noticed Grinder
  2799 | D:3      | Paralysed by Grinder for 2 turns
  2816 | D:3      | Paralysed by Grinder for 7 turns
  2823 | D:3      | Killed Grinder
  2824 | D:3      | Reached skill level 5 in Armour
  3316 | D:3      | Noticed Sigmund
  3334 | D:3      | Killed Sigmund
  3335 | D:3      | Reached XP level 7. HP: 63/63 MP: 6/6
  3433 | D:3      | Noticed Terence
  3441 | D:3      | Killed Terence
  3497 | D:3      | Found a sacrificial altar of Ru.
  3890 | D:4      | Noticed Dowan
  3890 | D:4      | Noticed Duvessa
  3928 | D:4      | Killed Duvessa
  3933 | D:4      | Killed Dowan
  3934 | D:4      | Reached XP level 8. HP: 71/71 MP: 7/7
  4080 | D:4      | Found an opulent altar of Gozag.
  4091 | D:4      | Noticed Robin
  4108 | D:4      | Reached **** piety under Trog
  4116 | D:4      | Reached skill level 5 in Shields
  4123 | D:4      | Killed Robin
  4156 | D:4      | Noticed Hyacinth's ghost (weakling GrGl)
  4166 | D:4      | Found a runed translucent gate.
  4213 | D:4      | Found a runed translucent gate.
  4217 | D:4      | Found a runed translucent gate.
  4227 | D:4      | Killed Hyacinth's ghost
  4279 | D:4      | Noticed Ijyb
  4288 | D:4      | Killed Ijyb
  4482 | D:4      | Found a staircase to the Ecumenical Temple.
  4511 | Temple   | Entered the Ecumenical Temple
  4821 | D:5      | Entered Level 5 of the Dungeon
  4948 | D:5      | Found a burning altar of Makhleb.
  5743 | D:6      | Reached XP level 9. HP: 79/81 MP: 8/8
  6015 | D:6      | Got a fading falchion
  6031 | D:6      | Identified the +3 falchion of Sunlight {flame, *Drain Will+
                  | Int+4 Stlth+} (You found it on level 6 of the Dungeon)
  6042 | D:6      | Reached ***** piety under Trog
  6072 | D:6      | Noticed Edmund
  6088 | D:6      | Killed Edmund
  6495 | D:7      | Identified the +5 spear "Uriugav" {vorpal, *Rage rF++
                  | Dex+2}
  6495 | D:7      | Noticed a moth of wrath
  6496 | D:7      | Noticed cpf86's ghost (novice VSIE)
  6499 | D:7      | Found a bloodstained altar of Trog.
  6529 | D:7      | Found a transporter.
  6537 | D:7      | Found a transporter.
  7448 | D:7      | Found a sacrificial altar of Ru.
  7627 | D:8      | Received a gift from Trog
  7803 | D:8      | Found a hide-covered altar of Uskayaw.
  7944 | D:8      | Noticed a two-headed ogre
  7954 | D:8      | Killed a two-headed ogre
  7955 | D:8      | Reached XP level 10. HP: 84/91 MP: 9/9
  8306 | D:8      | Killed an unseen horror
  8307 | D:8      | Reached skill level 10 in Fighting
  8506 | D:8      | Reached skill level 10 in Axes
  8879 | D:8      | Received a gift from Trog
  8984 | D:8      | Found a hazy altar of Hepliaklqana.
  9148 | D:9      | Found an iron altar of Okawaru.
  9293 | D:9      | Reached skill level 10 in Armour
  9551 | D:9      | Found a roughly hewn altar of Beogh.
  9551 | D:9      | Found a transporter.
  9588 | D:9      | Found a transporter.
 10060 | D:9      | Found a staircase to the Lair.
 10115 | D:10     | Entered Level 10 of the Dungeon
 10369 | D:10     | Reached XP level 11. HP: 93/101 MP: 10/10
 10377 | D:10     | Killed an unseen horror
 10594 | D:10     | Reached skill level 10 in Shields
 10918 | D:10     | Found a staircase to the Orcish Mines.
 11418 | D:10     | Noticed a vault guard
 11429 | D:10     | Killed a vault guard
 11516 | D:10     | Found a portal to a secret trove of treasure.
 11624 | D:11     | Found a gateway to a bazaar.
 11813 | Bazaar   | Entered a bazaar
 11813 | Bazaar   | Found Kefochobo's Weapon Emporium.
 11813 | Bazaar   | Found Couvifro's Assorted Antiques.
 11829 | Bazaar   | Found Goino's Assorted Antiques.
 11834 | Bazaar   | Found Sedik's Weapon Shoppe.
 11843 | Bazaar   | Bought the +8 battleaxe "Murmur" {flame, rElec rF+ Dex+2
                  | SInv} for 648 gold pieces
 11874 | Bazaar   | Found Jifae's Jewellery Emporium.
 13409 | D:12     | Found a broken altar of Ashenzari.
 13502 | D:12     | Noticed a purple ugly thing
 13513 | D:12     | Killed a purple ugly thing
 13640 | D:12     | Noticed a deep elf mage
 13640 | D:12     | Noticed a deep elf mage
 13646 | D:12     | Noticed a four-headed hydra
 13649 | D:12     | Killed a deep elf mage
 13654 | D:12     | Killed a deep elf mage
 13654 | D:12     | Received a gift from Trog
 13658 | D:12     | Killed a six-headed hydra
 13659 | D:12     | Reached XP level 12. HP: 112/112 MP: 11/11
 13809 | D:12     | Killed from afar by a deep elf mage

Illustrated notes

Levels and vault maps discovered:
D:1:      saegor_arrival_miasma, layout_basic, ashenzari_altar_1
D:2:      layout_basic, vehumet_crystals, grunt_dithmenos_smoke,
          chequers_ecumenical_altar_simple_redux
D:3:      layout_rooms, portal_sewer_entry_a, serial_bayou_pond_e,
          lemuel_tele_altar, uniq_grinder, uniq_terence, uniq_sigmund
D:4:      layout_basic, nicolae_overflow_hidden_temple,
          minmay_temple_entry_nine_rooms, gammafunk_ghost_split, uniq_ijyb,
          uniq_robin, uniq_duvessa
D:5:      layout_basic, minivault_19, makhleb_heckhound_becter
D:6:      layout_cave_pools, kennysheep_nub, uniq_edmund
D:7:      minmay_flawed_box, layout_basic, hangedman_ru_absence,
          gammafunk_ghost_wrathful_warriors
D:8:      layout_basic, lemuel_round_altar, nicolae_overflow_crystal_walls,
          kennysheep_generic_room_15
D:9:      gammafunk_beogh_shrine, layout_rooms, david_lair_shrubbed,
          okawaru_ov_weapons_minmay
D:10:     layout_gridville, orc_0_dummy, enter_trove_5, minmay_diced_spiral
D:11:     layout_loops_cross, serial_shops, bzr_entry_lakeside,
          serial_bayou_lake_a
D:12:     minmay_elf_outpost, layout_small_grid, basic_altar,
          serial_bayou_lagoon_a, nrook_campfire
Temple:   regret_index_temple_sphere_string

Skill      XL: |  1  2  3  4  5  6  7  8  9 10 11 12 |
---------------+-------------------------------------+-----
Fighting       | 4 5 6 8 9 10 12 | 12.3
Axes           | 4 5 6 7 9 10 12 | 12.3
Armour         | 3 4 5 6 7 9 10 11 12 | 12.1
Shields        | 1 2 3 4 6 8 9 11 | 11.7
Dodging        | |  2.6

Action                   |  1- 3 |  4- 6 |  7- 9 | 10-12 || total
-------------------------+-------+-------+-------+-------++-------
Melee: Hand axe          |    97 |   151 |       |       ||   248
       Headbutt          |    16 |    32 |    61 |    88 ||   197
       War axe           |       |    14 |   300 |       ||   314
       Broad axe         |       |       |    55 |   422 ||   477
       Flail             |       |       |       |     3 ||     3
Throw: Stone             |    17 |       |     4 |     4 ||    25
Invok: Berserk           |     1 |     3 |     6 |     4 ||    14
       Brothers in Arms  |       |       |       |     2 ||     2
       Trog's Hand       |       |       |       |     1 ||     1
Evoke: Wand              |       |       |       |     5 ||     5
  Use: Scroll            |       |     6 |     7 |     8 ||    21
       Potion            |       |     4 |       |     1 ||     5
 Stab: Sleeping          |     1 |       |       |       ||     1
       Distracted        |       |       |       |     1 ||     1
Armor: Animal skin       |     5 |       |       |       ||     5
       Chain mail        |    16 |    53 |   101 |    41 ||   211
       Ring mail         |     5 |       |       |       ||     5
       Plate armour      |       |       |       |   117 ||   117
Dodge: Dodged            |    40 |    12 |    42 |    48 ||   142
Block: Tower shield      |    20 |    95 |   292 |   436 ||   843
       Reflection        |       |       |     3 |    23 ||    26
